 Dungeon Crawl Stone Soup version 0.19-a0-1626-g5215c36 (webtiles) character file.

18 Fuzzwah the Chopper (level 2, -1/27 HPs)
             Began as a Minotaur Berserker on Sept 18, 2016.
             Was a Follower of Trog.
             Slain by Terence
             ... wielding a +0 mace
              (6 damage)
             ... on level 2 of the Dungeon.
             The game lasted 00:01:50 (861 turns).

Fuzzwah the Chopper (Minotaur Berserker)             Turns: 861, Time: 00:01:50

Health: -1/27      AC:  2    Str: 21    XL:     2   Next: 51%
Magic:  1/1        EV: 12    Int:  4    God:    Trog [*.....]
Gold:   82         SH:  0    Dex:  9    Spells: 0 memorised, 1 level left

rFire  . . .     SeeInvis .     a - +0 hand axe
rCold  . . .     Gourm    .     b - +0 animal skin
rNeg   . . .     Faith    .     (no shield)
rPois  .         Spirit   .     (helmet restricted)
rElec  .         Dismiss  .     (no cloak)
rCorr  .         Reflect  .     (no gloves)
MR     .....     Harm     .     (no boots)
Stlth  +.........               (no amulet)
                                (no ring)
                                (no ring)

@: no status effects
A: retaliatory headbutt, horns 2
a: Berserk, Burn Spellbooks, Renounce Religion


You were on level 2 of the Dungeon.
You worshipped Trog.
Trog was aware of your devotion.
You were not hungry.

You visited 1 branch of the dungeon, and saw 2 of its levels.

You collected 82 gold pieces.

Inventory:

Hand Weapons
 a - a +0 hand axe (weapon)
Armour
 b - a +0 animal skin (worn)
Scrolls
 d - 2 scrolls of identify {unknown}
 e - a scroll of fear {unknown}
Comestibles
 c - a bread ration {@e1}


   Skills:
 + Level 3.9 Fighting
 * Level 4.1 Axes
 + Level 2.8 Armour
 + Level 2.5 Dodging


You had one spell level left.
You didn't know any spells.

Dungeon Overview and Level Annotations

Branches:
Dungeon (2/15)

Altars:

Annotations:
D:2 Terence


Innate Abilities, Weirdness & Mutations

You reflexively headbutt those who attack you in melee.
You have a pair of horns on your head.


Message History

a club; a frilled lizard corpse You see here 19 arrows.
A rat comes into view.
Health restored: 27 You barely miss the rat.
You headbutt the rat. The rat barely misses you.
You barely miss the rat. The rat closely misses you.
You closely miss the rat. The rat bites you. The rat closely misses you.
You take 1 damage, and have 26/27 hp.
You closely miss the rat. You headbutt the rat.
You kill the rat!
Trog accepts your kill.
You now have 69 gold pieces (gained 13).
You see here a leather armour.
Health restored: 27 You see here a club.
Found an escape hatch in the floor.
There is an escape hatch in the floor here.
A hobgoblin comes into view. It is wielding a club.
The hobgoblin shouts!
You hit the hobgoblin but do no damage. The hobgoblin misses you.
You closely miss the hobgoblin. Your headbutt misses the hobgoblin.
The hobgoblin barely misses you.
You slash the hobgoblin!
You kill the hobgoblin!
Trog accepts your kill.
No target in view!
You see here a club.
Done exploring.
Done exploring.
You see here a hand axe.
There is a stone staircase leading down here.
You see here a hand axe.
There is a stone staircase leading down here.
You climb downwards.
A rat comes into view.
Found 13 gold pieces and a whip.
Found a stone staircase leading down.
There is a stone staircase leading up here.
You hit the rat.
You kill the rat!
Trog accepts your kill.
No target in view!
You now have 82 gold pieces (gained 13).
You see here a whip.
A rat comes into view.
The rat barely misses you. You furiously retaliate!
You headbutt the rat!
You kill the rat!
Trog accepts your kill.
Your Axes skill increases to level 4!
No target in view!
No target in view!
Found a stone staircase leading down.
A goblin comes into view.
The goblin shouts!
The goblin moves out of view.
No target in view!
No target in view!
No target in view!
Terence the Incautious comes into view.
He is wielding a mace.
A bat comes into view.
Terence shouts!
A rat comes into view.
You barely miss the goblin. The goblin closely misses you.
A rat comes into view.
Terence says, "Rest in peace."
You closely miss the goblin. The goblin closely misses you.
You furiously retaliate!
You headbutt the goblin. You hit the goblin.
You kill the goblin!
Trog accepts your kill. Terence looks scornfully at you.
Terence barely misses you.
You hit Terence but do no damage. Your headbutt misses Terence.
Terence closely misses you.
You closely miss Terence. Terence hits you with a mace.
You take 4 damage, and have 23/27 hp.
You barely miss Terence. Terence hits you with a mace!
You take 7 damage, and have 16/27 hp.
MASSIVE DAMAGE!!
You hit Terence. You hit Terence. You headbutt Terence.
Terence hits you but does no damage.
You barely miss Terence. Terence looks scornfully at you.
Terence barely misses you. You furiously retaliate!
You headbutt Terence, but do no damage. You hit Terence. Terence misses you.
You furiously retaliate!
You headbutt Terence, but do no damage. You hit Terence. You headbutt Terence.
Terence hits you with a mace!
You take 7 damage, and have 9/27 hp.
MASSIVE DAMAGE!!
You barely miss Terence. Your headbutt misses Terence.
Terence hits you with a mace.
* * * LOW HITPOINT WARNING * * *
You take 1 damage, and have 8/27 hp.
You hit Terence but do no damage. Terence hits you but does no damage.
You hit Terence but do no damage. Terence hits you with a mace.
* * * LOW HITPOINT WARNING * * *
You take 4 damage, and have 4/27 hp.
You hit Terence but do no damage. You headbutt Terence.
Terence hits you with a mace.
You die...

.b.....####
.......... ....r....#
.....r.#.# #.##@..#
###.###..# #........#
#........#########...
#..........r@@>..>.#
#.......##..########
#.................
#......<.#######..
####........#####..
#...######........#
.....###..†)#######
......##.##..##
.........###..######


You could see Terence and a rat.

Vanquished Creatures
  A bat (D:1)
  3 goblins
  4 hobgoblins (D:1)
  3 jackals (D:1)
  2 frilled lizards (D:1)
  3 rats
16 creatures vanquished.

Notes
Turn   | Place    | Note
-------+----------+-------------------------------------------
     0 | D:1      | Fuzzwah the Minotaur Berserker began the quest for the Orb.
     0 | D:1      | Reached XP level 1. HP: 19/19 MP: 0/0
   357 | D:1      | Reached XP level 2. HP: 26/27 MP: 1/1
   818 | D:2      | Reached skill level 4 in Axes
   836 | D:2      | Noticed Terence
   860 | D:2      | HP: 4/27 [Terence/mace (4)]
   861 | D:2      | Slain by Terence

Vault maps used:
D:1:      dpeg_arrival_tiny_a
D:2:      serial_bayou_lake_a, uniq_terence

Skill      XL: |  1  2 |
---------------+-------+-----
Axes           | 4 |  4.1
Fighting       | |  3.9
Armour         | |  2.8
Dodging        | |  2.5

Action                   || total
-------------------------++-------
Melee: Hand axe          ||    48
       Headbutt          ||    11
Armor: Animal skin       ||     4
Dodge: Dodged            ||    27

Vault maps used:
D:1:      dpeg_arrival_tiny_a
D:2:      serial_bayou_lake_a, uniq_terence

Table legend:
 A = Turns spent in this place as a percentage of turns spent in the entire game.
 B = Non-inter-level travel turns spent in this place as a percentage of non-inter-level travel turns spent in the entire game.
 C = Inter-level travel turns spent in this place as a percentage of turns spent in this place.
 D = Turns resting spent in this place as a percentage of non-inter-level travel turns spent in this place.
 E = Turns spent auto-exploring this place as a percentage of non-inter-level travel turns spent in this place.
 F = Non-inter-level travel turns spent in this place divided by the number of levels of this place that you've seen.
                   A       B       C       D       E      F
               +-------+-------+-------+-------+-------+----------------------
         Total | 100.0 | 100.0 |   0.8 |   3.1 |  18.0 |  64.0
       Dungeon | 100.0 | 100.0 |   0.8 |   3.1 |  18.0 |  64.0
               +-------+-------+-------+-------+-------+----------------------

Table legend:
 A = Kills in this place as a percentage of kills in entire the game.
 B = Kills by you in this place as a percentage of kills by you in the entire game.
 C = Kills by friends in this place as a percentage of kills by friends in the entire game.
 D = Other kills in this place as a percentage of other kills in the entire game.
 E = Experience gained in this place as a percentage of experience gained in the entire game.
 F = Experience gained in this place divided by the number of levels of this place that you have seen.
                   A       B       C       D       E      F
               +-------+-------+-------+-------+-------+----------------------
         Total | 100.0 | 100.0 |  -nan |  -nan | 100.0 |  13.5
       Dungeon | 100.0 | 100.0 |  -nan |  -nan | 100.0 |  13.5
               +-------+-------+-------+-------+-------+----------------------
